AoeStats
← JSA

Arabian Desert

509169285Analyzed
1v1 RM · 7d ago on Sep 25, 2026· 19m 42s· 2 players
Game mode
Random Map
Map size
Tiny (2 player)
Population
200
Speed
Normal
Resources
Standard
Victory
Conquest
Starting age
Dark Age
Ending age
Imperial Age
RankedLock teamsTeams togetherTeam positionsShared explorationLock speedFull tech treeHidden civsTurbo modeCheats
Victory
Defeat
🇩🇪 Ethiopians · Germany
1173
+18
🇪🇸 Poles · Spain
1206
-18
JSA
6:49 Loom
9:16 Feudal Age
10:02 Double-Bit Axe
16:54 Bloodlines
17:14 Scale Barding Armor
Sandroushi
6:45 Loom
9:13 Feudal Age
10:29 Double-Bit Axe
16:26 Padded Archer Armor
16:17 Fletching
Connection lost

Rejoining the realm…

Still unreachable

The connection could not be restored.

Session expired

The server has moved on; the page needs a fresh start.